 Dungeon Crawl Stone Soup version 0.28.0-53-g5a82cb258f (webtiles) character file.

Game seed: 188059625943964083

186 safid the Chopper (level 5, -6/46 HPs)
             Began as a Hill Orc Fighter on June 30, 2022.
             Mangled by Pikel
             ... wielding a +0 whip of electrocution
              (20 damage)
             ... on level 4 of the Dungeon.
             The game lasted 00:04:19 (3354 turns).

safid the Chopper (Hill Orc Fighter)                Turns: 3354, Time: 00:04:20

Health: -6/46      AC:  8    Str: 21    XL:     5   Next: 66%
Magic:  5/5        EV:  9    Int:  8    God:
Gold:   58         SH:  4    Dex: 10    Spells: 4/4 levels left

rFire   . . .      SeeInvis .   a - +0 war axe
rCold   . . .      Faith    .   c - +0 buckler
rNeg    . . .      Spirit   .   b - +0 scale mail
rPois   .          Reflect  .   (no helmet)
rElec   .          Harm     .   (no cloak)
rCorr   .          Rampage  .   u - +0 pair of gloves
Will    +....                   (no boots)
Stlth   ..........              (no amulet)
HPRegen 0.15/turn               j - ring of willpower
MPRegen 0.09/turn               (no ring)

@: no status effects
A: no striking features
a: no special abilities


You were on level 4 of the Dungeon.
You visited 1 branch of the dungeon, and saw 4 of its levels.

You collected 58 gold pieces.

Inventory:

Hand Weapons
 a - a +0 war axe (weapon)
Missiles
 i - 9 poisoned darts (quivered)
Armour
 b - a +0 scale mail (worn)
 c - a +0 buckler (worn)
 u - a +0 pair of gloves (worn)
Jewellery
 j - a ring of willpower (left hand)
Scrolls
 f - 2 scrolls of fear {unknown}
 k - a scroll of blinking {unknown}
 n - a scroll of identify {unknown}
 o - 6 scrolls of immolation {unknown}
 q - a scroll of acquirement {unknown}
 t - a scroll of teleportation {unknown}
Potions
 d - 3 potions of might
 e - 2 potions of curing {unknown}
 g - a potion of cancellation {unknown}
 h - a potion of haste {unknown}
 l - 2 potions of flight {unknown}
 m - 2 potions of lignification {unknown}
 p - 2 potions of brilliance {unknown}
 r - a potion of degeneration {unknown}
 s - a potion of heal wounds {unknown}


   Skills:
 - Level 4.0 Fighting
 + Level 6.2 Axes
 - Level 4.0 Armour
 - Level 4.0 Shields


You had 4 spell levels left.
You didn't know any spells.
Your spell library contained the following spells:

 Spells                   Type           Power      Damage    Failure   Level
 Corpse Rot               Necr/Air       0%         N/A       92%         2
 Dispel Undead            Necr           0%         3d6       100%        4
 Death Channel            Necr           0%         N/A       100%        6


Dungeon Overview and Level Annotations

Branches:
Dungeon (4/15)
 Temple: D:4-7

Altars:
Fedhas

Annotations:
D:2 1 runed translucent door, Crazy Yiuf
D:4 Pikel


Message History

The lemure hits you.
You closely miss the lemure.
The lemure is heavily wounded.
You hit Pikel.
Pikel is lightly wounded.
You hit Pikel but do no damage.
Pikel is lightly wounded.
Pikel barely misses you.
Pikel hits you with a +0 whip of electrocution.
You slash Pikel!
Pikel is heavily wounded.
Pikel barely misses you.
You barely miss Pikel.
Pikel is heavily wounded.
Pikel hits you with a +0 whip of electrocution.
You hit Pikel but do no damage.
Pikel is heavily wounded.
Pikel hits you with a +0 whip of electrocution!
You barely miss Pikel.
Pikel is heavily wounded.
Pikel hits you but does no damage.
You closely miss Pikel.
Pikel is heavily wounded.
Pikel closely misses you.
Pikel hits you with a +0 whip of electrocution.
You barely miss Pikel.
Pikel is heavily wounded.
You block Pikel's attack.
You barely miss Pikel.
Pikel is heavily wounded.
Pikel hits you with a +0 whip of electrocution!
You completely miss Pikel.
Pikel is heavily wounded.
Pikel hits you but does no damage.
You hit Pikel.
Pikel is heavily wounded.
You block Pikel's attack.
Pikel hits you with a +0 whip of electrocution.
You are electrocuted!!
You die...

#......# #......#
#######......#
#.......######
..##... #.......#
....... #.......#
....... #.......#
..... #.......# ....
#......@###### .5#
########K5...###5K##
#55...#.....#
#5..........#
#.......###+#
########.... .....
...... ......


You could see Pikel and 4 lemures.

Vanquished Creatures
  Terence (D:2)
  5 adders
  5 worms
  2 dart slugs
  5 orcs (D:3)
  6 bats
  13 endoplasms
  5 giant cockroaches
  8 hobgoblins
  5 jackals (D:1)
  3 quokkas
  5 ball pythons
  6 frilled lizards
  6 goblins
  7 kobolds
  7 rats
89 creatures vanquished.

Vanquished Creatures (others)
  2 fungi (D:2)
2 creatures vanquished.

Grand Total: 91 creatures vanquished

Notes
Turn   | Place    | Note
-------+----------+-------------------------------------------
     0 | D:1      | safid the Hill Orc Fighter began the quest for the Orb.
     0 | D:1      | Reached XP level 1. HP: 19/19 MP: 1/1
   213 | D:1      | Reached XP level 2. HP: 25/27 MP: 2/2
   216 | D:1      | Reached skill level 3 in Axes
   623 | D:1      | Reached XP level 3. HP: 26/33 MP: 3/3
  1153 | D:2      | Noticed Terence
  1165 | D:2      | Killed Terence
  1166 | D:2      | Reached XP level 4. HP: 34/40 MP: 4/4
  1287 | D:2      | Reached skill level 4 in Axes
  1782 | D:2      | Reached skill level 5 in Axes
  1865 | D:2      | Reached XP level 5. HP: 46/46 MP: 5/5
  1881 | D:2      | Found a faded altar of an unknown god.
  2100 | D:2      | Found a blossoming altar of Fedhas.
  2464 | D:2      | Found a runed translucent door.
  2465 | D:2      | Noticed Crazy Yiuf
  2889 | D:3      | Reached skill level 6 in Axes
  3330 | D:4      | Noticed Pikel
  3330 | D:4      | Noticed a lemure
  3331 | D:4      | Noticed a lemure
  3332 | D:4      | Noticed a lemure
  3332 | D:4      | Noticed a lemure
  3354 | D:4      | Mangled by Pikel

Illustrated notes

Levels and vault maps discovered:
D:1:      pf_arrival_petrified_forest, layout_basic, minmay_misc_feat_tiny,
          nrook_mini_vaults
D:2:      minmay_general_purpose_star, layout_loops_ring, basic_altar,
          shapermc_ecumenical_altar_venn, minmay_quadrilaterals,
          uniq_crazy_yiuf_cottage, uniq_terence
D:3:      layout_rooms
D:4:      layout_gridville, uniq_robin, uniq_sigmund, uniq_pikel

Skill      XL: |  1  2  3  4  5 |
---------------+----------------+-----
Axes           | 3 5 6 |  6.2
Fighting       | 4 |  4.0
Armour         | 4 |  4.0
Shields        | 4 |  4.0

Action                   |  1- 3 |  4- 6 || total
-------------------------+-------+-------++-------
Melee: War axe           |    96 |   198 ||   294
Armor: Scale mail        |    45 |    95 ||   140
Dodge: Dodged            |    35 |    96 ||   131
Block: Buckler           |    26 |    37 ||    63
